 Dungeon Crawl Stone Soup version 0.30-a0-652-gcc886f7154 (console) character file.

Game seed: 13000360669440923410

278 jejorda2 the Slasher (level 6, -1/49 HPs)
             Began as a Merfolk Berserker on Jan 17, 2023.
             Was a Believer of Trog.
             Slain by a scorpion (5 damage)
             ... on level 4 of the Dungeon.
             The game lasted 00:03:52 (2248 turns).

jejorda2 the Slasher (Merfolk Berserker)            Turns: 2248, Time: 00:03:52

Health: -1/49      AC:  5    Str: 20    XL:     6   Next: 26%
Magic:  6/6        EV: 12    Int:  6    God:    Trog [**....]
Gold:   137        SH:  0    Dex: 13    Spells: 5/5 levels left

rFire   . . .      SeeInvis .    a - +0 falchion
rCold   . . .      Faith    .    (no shield)
rNeg    . . .      Spirit   .    o - +0 ring mail
rPois   .          Reflect  .    (no helmet)
rElec   .          Harm     .    (no cloak)
rCorr   +          Rampage  .    (no gloves)
Will    .....                    (no boots)
Stlth   +                        (no amulet)
HPRegen 0.28/turn                p - ring of resist corrosion
MPRegen 0.10/turn                (no ring)

@: lethally poisoned (-1 -> -5), on berserk cooldown, slowed, very slow
A: (nimble swimmer 2), mertail
a: Renounce Religion, Berserk, Trog's Hand


You were on level 4 of the Dungeon.
You worshipped Trog.
Trog was pleased with you.
You visited 1 branch of the dungeon, and saw 5 of its levels.

You collected 137 gold pieces.

Inventory:

Hand Weapons
 a - a +0 falchion (weapon)
Missiles
 c - 4 poisoned darts (quivered)
 h - 34 stones
Armour
 o - a +0 ring mail (worn)
Jewellery
 j - a ring of ice
 p - a ring of resist corrosion (left hand)
Scrolls
 b - 2 scrolls of enchant weapon {unknown}
 g - a scroll of blinking {unknown}
 i - 2 scrolls of identify {unknown}
 l - 3 scrolls of teleportation {unknown}
 n - a scroll of vulnerability {unknown}
 s - a scroll of noise {unknown}
Potions
 d - 2 potions of mutation {unknown}
 e - a potion of berserk rage {unknown}
 f - 2 potions of flight {unknown}
 k - a potion of heal wounds {unknown}
 m - 2 potions of brilliance {unknown}
 q - a potion of lignification {unknown}
 r - a potion of might {unknown}
 t - a potion of cancellation {unknown}


   Skills:
 + Level 4.6 Fighting
 * Level 6.3 Long Blades
 - Level 1.3 Armour
 + Level 4.7 Dodging


You had 5 spell levels left.
You didn't know any spells.
Your spell library was empty.

Dungeon Overview and Level Annotations

Branches:
Dungeon (5/15)
 Temple: D:4-7

Altars:
Makhleb

Shops:
D:3 ?


Innate Abilities, Weirdness & Mutations

((You are very nimble when in or above water. (Stealth+, EV+, Speed+++)))
Your lower body shifts to a powerful aquatic tail in water.


Message History

The gnoll bouda hits you with a +2 whip of electrocution!
You are too injured to fight recklessly!
You are too injured to fight recklessly!
You are too injured to fight recklessly!
You are too injured to fight recklessly!
You are too injured to fight recklessly!
You are too injured to fight recklessly!
You are too injured to fight recklessly!
You slash the gnoll bouda!
You kill the gnoll bouda!
Trog accepts your kill.
You feel a strong urge to attack something.
You feel your anger nearly subside.
You are no longer berserk.
You are exhausted.
You feel yourself slow down.
There is a stone staircase leading up here.
The gnoll barely misses you.
You climb upwards.
The goblin shouts!
Your attacks no longer feel as feeble.
Found a hand axe, 8 stones and 4 gold pieces.
There is a stone staircase leading down here.
The scorpion stings you but does no damage.
The scorpion completely misses you. The scorpion stings you.
You are poisoned.
The scorpion poisons you! The scorpion attacks as you move away!
The scorpion completely misses you.
You feel very sick. The scorpion attacks as you move away!
The scorpion stings you.
* * * LOW HITPOINT WARNING * * *
You feel very sick. The scorpion stings you.
* * * LOW HITPOINT WARNING * * *
You hit the scorpion.
The scorpion is moderately wounded.
* * * LOW HITPOINT WARNING * * *
You feel sick. The scorpion misses you. The scorpion stings you.
You die...

.................
.................
........(.......
#........#..).#
#####....>.......
#...#............
##..........$..
##s.............
#@#....###..###.
###..#.# #...
#..#..# .#..
#....## ...#
..#### # #...
...#


You could see a scorpion.

Vanquished Creatures
  A centaur (D:5)
  A hound (D:3)
  A gnoll bouda (D:5)
  Jessica (D:2)
  Terence (D:2)
  3 adders
  A white imp (D:5)
  A worm (D:2)
  4 dart slugs
  2 ball pythons (D:3)
  4 giant cockroaches
  3 goblins
  8 hobgoblins
  8 jackals (D:2)
  3 kobolds
  A bat (D:3)
  2 frilled lizards
  4 rats
49 creatures vanquished.

Notes
Turn   | Place    | Note
-------+----------+-------------------------------------------
     0 | D:1      | jejorda2 the Merfolk Berserker began the quest for the Orb.
     0 | D:1      | Reached XP level 1. HP: 18/18 MP: 1/1
   370 | D:1      | Reached skill level 4 in Long Blades
   370 | D:1      | Reached XP level 2. HP: 20/24 MP: 2/2
   819 | D:2      | Noticed Terence
   829 | D:2      | Killed Terence
   830 | D:2      | Reached XP level 3. HP: 30/30 MP: 3/3
   831 | D:2      | Found a faded altar of an unknown god.
   972 | D:2      | Reached XP level 4. HP: 37/37 MP: 4/4
  1248 | D:2      | Found a burning altar of Makhleb.
  1279 | D:2      | Reached skill level 5 in Long Blades
  1563 | D:2      | Noticed Jessica
  1579 | D:2      | Killed Jessica
  1579 | D:2      | Reached ** piety under Trog
  1728 | D:3      | Reached XP level 5. HP: 28/42 MP: 5/5
  1828 | D:3      | Found Zevory Sadi's Magic Scroll Emporium.
  1842 | D:3      | You fall into a shaft and drop 2 floors!
  1842 | D:5      | Entered Level 5 of the Dungeon
  1873 | D:5      | Noticed a centaur
  1885 | D:5      | Killed a centaur
  1886 | D:5      | Reached skill level 6 in Long Blades
  1886 | D:5      | Reached XP level 6. HP: 27/49 MP: 6/6
  2248 | D:4      | Slain by a scorpion

Illustrated notes

Levels and vault maps discovered:
D:1:      elethiomel_arrival_infinity_welcomes_careful_drivers,
          layout_loops_ring
D:2:      layout_loops_ring, hellmonk_ecumenical_altar_pennies_from_heaven,
          basic_altar, uniq_terence, uniq_jessica
D:3:      layout_loops_ring, mainiacjoe_overflow_brackets, serial_shops, shop,
          chequers_mini_garden, nicolae_shop_unique_rings, corexii_shack
D:4:      layout_layer_cave, serial_shops, kennysheep_mini, uniq_natasha
D:5:      layout_loops_cross, nicolae_qazlal_style_of_elements, serial_shops,
          nicolae_shop_window_shopping

Skill      XL: |  1  2  3  4  5 |
---------------+----------------+-----
Long Blades    | 4 5 6 |  6.3
Dodging        | 3 4 |  4.7
Fighting       | 4 |  4.6
Armour         | |  1.3

Action                   |  1- 3 |  4- 6 || total
-------------------------+-------+-------++-------
Melee: Falchion          |    55 |   120 ||   175
Invok: Berserk           |     2 |     2 ||     4
Armor: Animal skin       |     7 |       ||     7
       Leather armour    |     3 |       ||     3
       Ring mail         |     5 |    35 ||    40
Dodge: Dodged            |    38 |    84 ||   122

Table legend: (Time is in decaauts)
 A = Elapsed time spent in this place.
 B = Non-inter-level travel time spent in this place.
 C = Inter-level travel time spent in this place.
 D = Time resting spent in this place.
 E = Time spent auto-exploring this place.
 F = Levels seen in this place.
 G = Mean time per level.
                   A        B        C        D        E       F      G
               +--------+--------+--------+--------+--------+-----+--------+
         Total |   2282 |   2142 |    140 |    172 |   1552 |   5 |  456.4 |
       Dungeon |   2282 |   2142 |    140 |    172 |   1552 |   5 |  456.4 |
               +--------+--------+--------+--------+--------+-----+--------+

Top non-repeatable levels by time:
     D:1: 864 daAuts
     D:2: 808 daAuts
     D:5: 406 daAuts
     D:3: 191 daAuts
     D:4: 11 daAuts
